 Dungeon Crawl Stone Soup version 0.25-a0-290-g4a1327ee3a (webtiles) character file.

Game seed: 6328473413556401827, levelgen mode: deterministic

49 floatRand the Covered (level 3, -2/33 HPs)
             Began as a Deep Dwarf Fighter on Dec 14, 2019.
             Slain by a gnoll
             ... wielding a +0 spear
              (6 damage)
             ... on level 2 of the Dungeon.
             The game lasted 00:02:41 (1241 turns).

floatRand the Covered (Deep Dwarf Fighter)          Turns: 1241, Time: 00:02:42

Health: -2/33      AC:  7    Str: 19    XL:     3   Next: 53%
Magic:  3/3        EV:  7    Int:  8    God:
Gold:   27         SH:  9    Dex: 13    Spells: 2/2 levels left

rFire    . . .     SeeInvis .   a - +0 war axe
rCold    . . .     Gourm    .   c - +0 shield
rNeg     . . .     Faith    .   b - +0 scale mail
rPois    .         Spirit   .   (no helmet)
rElec    .         Reflect  .   (no cloak)
rCorr    .         Harm     .   (no gloves)
MR       .....                  (no boots)
Stlth    ..........             (no amulet)
HPRegen  0.00/turn              (no ring)
MPRegen  0.08/turn              (no ring)

@: non-regenerating
A: damage resistance, heal wounds, sense surroundings 1, no regeneration
a: Heal Wounds


You were on level 2 of the Dungeon.
You were not hungry.

You visited 1 branch of the dungeon, and saw 2 of its levels.

You collected 27 gold pieces.

Inventory:

Hand Weapons
 a - a +0 war axe (weapon)
Missiles
 k - 15 poisoned darts (quivered)
Armour
 b - a +0 scale mail (worn)
 c - a +0 shield (worn)
Scrolls
 e - 2 scrolls of identify {unknown}
 g - 2 scrolls of remove curse {unknown}
 h - a scroll of enchant armour {unknown}
 i - 3 scrolls of blinking {unknown}
 j - a scroll of enchant weapon {unknown}
Potions
 d - a potion of might
 m - a potion of agility {unknown}
Comestibles
 f - 3 rations


   Skills:
 - Level 2.6 Fighting
 + Level 3.3 Axes
 + Level 4.1 Armour
 + Level 0.5 Dodging
 + Level 0.9 Stealth
 - Level 3.2 Shields


You had 2 spell levels left.
You didn't know any spells.
Your spell library was empty.

Dungeon Overview and Level Annotations

Branches:
Dungeon (2/15)

Altars:
Qazlal

Annotations:
D:2 Robin


Innate Abilities, Weirdness & Mutations

You are resistant to damage.
You can heal yourself by infusing magical energy.
You passively map a small area around you.
You do not regenerate.


Message History

* * * LOW HITPOINT WARNING * * *
A bat comes into view.
Found a scratched moonstone ring.
You block the bat's attack.
You barely miss the bat. You block the bat's attack. x2
The bat hits you but does no damage. The gnoll misses you.
The bat closely misses you.
You closely miss the bat. The bat hits you but does no damage.
You block the bat's attack. You block the gnoll's attack.
The gnoll hits you but does no damage.
A worm comes into view.
The gnoll hits you from afar with a +0 spear.
The bat barely misses you.
The gnoll hits you from afar with a +0 spear.
The gnoll barely misses you. The bat hits you but does no damage.
All of the chunks of flesh in your inventory have rotted away.
You miss the bat. You block the bat's attack.
The gnoll hits you from afar with a +0 spear!
You die...

* , * ### ..,, ,
* , .. # *.#** ,
, #.#####b# *.#,,
,* ...=...* #.#*
* , ,#...# ..* ,
#@## ##.#* *, , *
, #..#####..# **
, ##.gg.##.#### *
...####.......# ,
......b....##.# *
,w.#########...##
* ,, ≈ ≈ ##...##
, , ≈,, ,
*##...#### , , **
*#....#$.


You could see 2 gnolls and a bat.

Vanquished Creatures
  An adder (D:1)
  A dart slug (D:1)
  A leopard gecko (D:1)
  A giant cockroach (D:1)
  8 goblins
  6 hobgoblins
  6 bats
  5 frilled lizards
  3 kobolds (D:1)
  4 rats (D:1)
36 creatures vanquished.

Notes
Turn   | Place    | Note
-------+----------+-------------------------------------------
     0 | D:1      | floatRand the Deep Dwarf Fighter began the quest for the
                  | Orb.
     0 | D:1      | Reached XP level 1. HP: 20/20 MP: 1/1
   186 | D:1      | Reached XP level 2. HP: 27/27 MP: 2/2
   893 | D:2      | Reached skill level 4 in Armour
   962 | D:2      | Noticed Robin
   963 | D:2      | Reached XP level 3. HP: 24/33 MP: 3/3
  1190 | D:2      | Found a stormy altar of Qazlal.
  1241 | D:2      | Slain by a gnoll

Levels and vault maps discovered:
D:1:      eino_arrival_cavern_a, layout_loops_corners, minivault_19,
          kennysheep_flooded_box, serial_park_tiny_pond,
          hangedman_feature_mirror
D:2:      layout_rooms, overflow_temple_1_default, kennysheep_generic_room_11,
          uniq_robin, uniq_terence

Skill      XL: |  1  2 |
---------------+-------+-----
Axes           | 3 |  3.3
Armour         | 4 |  4.1
Fighting       | |  2.6
Dodging        | |  0.5
Stealth        | |  0.9
Shields        | |  3.2

Action                   || total
-------------------------++-------
Melee: War axe           ||    97
Throw: Dart              ||     4
  Eat: Chunk             ||     1
Armor: Scale mail        ||    72
Dodge: Dodged            ||    46
Block: Shield            ||    74

Table legend:
 A = Non-vault XP
 B = Vault XP
 C = Vault XP percentage of total XP
 D = Non-vault monster count
 E = Vault monster count
 F = Vault count percentage of total count
                 A         B        C        D         E       F
            +---------+---------+-------+---------+---------+-------
      Total |      47 |      24 |  33.8 |      24 |      12 |  33.3
            +---------+---------+-------+---------+---------+-------
        D:1 |      41 |      22 |  34.9 |      20 |      11 |  35.5
        D:2 |       6 |       2 |  25.0 |       4 |       1 |  20.0
            +---------+---------+-------+---------+---------+-------
